 Dungeon Crawl Stone Soup version 0.18.1-50-g88ac8fd (webtiles) character file.

363705 nikopol the Executioner (level 21, 0/292 HPs)
             Began as a Minotaur Berserker on Sept 26, 2016.
             Was the Champion of Trog.
             Succumbed to a spriggan defender's poison
             ... on level 4 of the Vaults on Oct 1, 2016.
             The game lasted 03:05:17 (50608 turns).

nikopol the Executioner (Minotaur Berserker)       Turns: 50608, Time: 03:05:17

Health: 0/292      AC: 31    Str: 36    XL:     21   Next: 54%
Magic:  1/6        EV: 20    Int:  5    God:    Trog [******]
Gold:   4016       SH:  0    Dex: 17    Spells: 0 memorised, 20 levels left

rFire  . . .     SeeInvis +     a - +8 executioner's axe (antimagic)
rCold  . . .     Gourm    +     V - +3 plate armour {MR+}
rNeg   + . .     Faith    .     (shield currently unavailable)
rPois  .         Spirit   .     G - +2 hat
rElec  .         Dismiss  .     P - +2 cloak {MR+}
rCorr  .         Reflect  .     i - +2 pair of gloves of the Salmon {Str+7 SInv}
SustAt +         Harm     .     (no boots)
MR     ++++.                    Y - amulet of the gourmand
Stlth  ..........               R - ring of Lugonu's Condemnation {SustAt rN+ MR+ Stlth+}
                                o - ring of wizardry

@: berserking, lethally poisoned (0 -> -18), very quick, incredibly resistant to
hostile enchantments, extremely unstealthy
A: retaliatory headbutt, horns 2, molten scales 1, blink, sense surroundings 1,
evolution 1
a: Blink, Berserk, Trog's Hand, Brothers in Arms, Burn Spellbooks, Renounce
Religion
}: 2/15 runes: decaying, gossamer


You were on level 4 of the Vaults.
You worshipped Trog.
Trog was exalted by your worship.
You were completely stuffed.

You visited 7 branches of the dungeon, and saw 40 of its levels.
You visited 1 bazaar.
You also visited: Labyrinth, Trove, Sewer and Ice Cave.

You collected 5221 gold pieces.
You spent 1205 gold pieces at shops.

Inventory:

Hand Weapons
 a - a +8 antimagic executioner's axe (weapon)
 z - a +8 longbow of flaming
Missiles
 m - 945 arrows
Armour
 i - the +2 pair of gloves of the Salmon (worn) {Str+7 SInv}
   (You acquired it on level 8 of the Lair of Beasts)

   It affects your strength (+7).
   It lets you see invisible.
 l - a +2 pair of gloves of archery
 G - a +2 hat (worn)
 P - a +2 cloak of magic resistance (worn)
 V - a +3 plate armour of magic resistance (worn)
Jewellery
 k - an uncursed ring of protection from magic
 o - a ring of wizardry (left hand)
 w - an uncursed ring of flight
 I - the ring of Fimm {rElec Str+4 Int+4 Stlth-}
   (You found it on level 9 of the Dungeon)

   [ring of intelligence]

   It affects your strength (+4).
   It affects your intelligence (+4).
   It insulates you from electricity.
   It makes you less stealthy.
 R - the ring of Lugonu's Condemnation (right hand) {SustAt rN+ MR+ Stlth+}
   (You bought it in a shop on level 1 of the Elven Halls)

   [ring of sustain attributes]

   It sustains your strength, intelligence and dexterity.
   It protects you from negative energy.
   It affects your resistance to hostile enchantments.
   It makes you more stealthy.
 S - a +2 ring of protection {unknown}
 U - the ring "Zofiurye" {rPois rN+ Str+5}
   (You found it on level 2 of the Lair of Beasts)

   [ring of positive energy]

   It affects your strength (+5).
   It protects you from poison.
   It protects you from negative energy.
 Y - an amulet of the gourmand (around neck)
 Z - an uncursed ring of resist corrosion
Wands
 p - a wand of lightning (4/15)
 t - a wand of digging (13/24)
 C - a wand of heal wounds (7/9)
 O - a wand of disintegration (8/24)
 Q - a wand of teleportation (8/9)
Scrolls
 e - 3 scrolls of summoning
 f - 16 scrolls of teleportation
 g - 2 scrolls of blinking
 j - 3 scrolls of enchant armour
 q - 14 scrolls of remove curse
 y - 2 scrolls of recharging
 B - 5 scrolls of identify
 H - 8 scrolls of fear
 M - 4 scrolls of fog
 T - 4 scrolls of magic mapping
 X - 2 scrolls of brand weapon
Potions
 b - 9 potions of flight
 d - 7 potions of haste
 h - 4 potions of magic
 r - a potion of cure mutation
 s - 8 potions of ambrosia
 u - 10 potions of might
 v - 18 potions of curing
 A - 2 potions of resistance
 E - 9 potions of agility
 F - 6 potions of heal wounds
 L - 5 potions of brilliance
 N - a potion of cancellation
 W - 4 potions of berserk rage
Comestibles
 c - 19 bread rations
 x - 18 meat rations
 D - 26 beef jerkies
 J - a royal jelly
 K - 49 fruits


   Skills:
 + Level 18.4 Fighting
 * Level 23.3 Axes
 + Level 20.8 Bows
 + Level 17.7 Armour
 + Level 16.7 Dodging


You had 20 spell levels left.
You didn't know any spells.

Dungeon Overview and Level Annotations

Branches:
Dungeon (15/15)            Temple (0/1) D:4            Lair (8/8) D:11
  Swamp (4/4) Lair:4       Spider (4/4) Lair:5        Slime (0/6) Lair:7
    Orc (2/2) D:12            Elf (3/3) Orc:2        Vaults (4/5) D:14
  Crypt (0/3) Vaults:2     Depths (0/5) D:15

Altars:
Ashenzari
Cheibriados
Dithmenos
Elyvilon
Fedhas
Gozag
Kikubaaqudgha
Makhleb
Okawaru
Pakellas
Qazlal
Ru
Trog
Vehumet
Xom
The Shining One
Beogh

Shops:
D:6 *   D:8 :   D:9 *   Orc:2 !![}   Elf:1 :=(   Elf:2 %   Elf:3 }   Vaults:1 ?

Portals:
Pandemonium: Orc:2


Innate Abilities, Weirdness & Mutations

You reflexively headbutt those who attack you in melee.
You have a pair of horns on your head.
You are partially covered in molten scales (AC +1).
You can translocate small distances at will.
You passively map a small area around you.
You evolve.


Message History

The tengu reaver is lightly wounded.
* * * LOW HITPOINT WARNING * * *
You feel sick.
The tengu reaver hits you with a glaive!
* * * LOW HITPOINT WARNING * * *
The tengu reaver pecks you but does no damage.
The tengu reaver claws you but does no damage.
You barely miss the tengu reaver. Your headbutt misses the tengu reaver.
The tengu reaver is lightly wounded.
You catch the helpless battlesphere momentarily off-guard.
You slice the battlesphere!!
You feel the power of Trog in you as your rage grows.
You destroy the battlesphere!
* * * LOW HITPOINT WARNING * * *
You feel sick.
You slice the tengu reaver!!
The tengu reaver's magic leaks into the air.
You headbutt the tengu reaver!
The tengu reaver is severely wounded.
You die...

..........#
#......
..........#
#...... *
**
..........#
#......
.........#
#...... ,
,.........#
#...... *
.........#
#......
########'##
#......
#...Q)..#
#...... ,
#...ยง@..#
#......
#..###).#
#######
#..#^#(.#
#..###..#
#... ..$#
#.. ....#
### #####


You could see a tengu reaver.

Vanquished Creatures
  Sojobo (Vaults:3)
  Frederick (Vaults:4)
  Norris (Vaults:1)
  Jorgrun (Spider:2)
  3 deep elf blademasters
  2 deep elf master archers (Elf:3)
  An ancient champion (Vaults:4)
  A sphinx (Vaults:4)
  Kirke (Swamp:4)
  A tengu reaver (Vaults:3)
  A thorn hunter (Swamp:3)
  A storm dragon (Vaults:3)
  Wiglaf (Elf:2)
  7 deep elf sorcerers
  A fire giant (Vaults:3)
  6 ghost moths
  7 vault wardens
  9 ironheart preservers
  A deep elf elementalist (Elf:3)
  4 emperor scorpions
  Aizul (Spider:2)
  2 spriggan defenders (Vaults:4)
  3 stone giants
  Nessos (D:13)
  14 deep elf demonologists
  4 deep elf annihilators
  A spark wasp (Spider:4)
  The ghost of Elystan the Blocker, a journeyman FoFi of Okawaru (IceCv)
  2 ettins
  2 crystal guardians
  8 deep elf death magi
  Snorg (Lair:7)
  3 vault guards
  5 yaktaur captains
  A minotaur (Lab)
  6 ogre magi
  5 deep elf high priests
  3 fire dragons
  2 entropy weavers
  A rakshasa (Vaults:2)
  4 great orbs of eyes
  8 centaur warriors
  22 hydras
  Harold (D:10)
  A ghost crab (Swamp:4)
  An ice dragon (Orc:1)
  2 catoblepae
  9 alligators
  25 dancing weapons
  A deep troll shaman (Vaults:3)
  A queen ant (Lair:2)
  2 soul eaters (Orc:2)
  A vampire mage (Vaults:2)
  9 death yaks
  A tengu warrior (D:15)
  A storm dragon zombie (D:15)
  Sonja (D:12)
  18 deep elf knights
  7 orc high priests (Orc:2)
  The ghost of Rationalist the Cleaver, a novice MiGl of Trog (D:8)
  A sun demon (Orc:2)
  2 fire crabs (Vaults:1)
  A spark wasp zombie (D:15)
  5 unseen horrors
  9 deep elf archers
  3 deep trolls (Vaults:3)
  A giant orange brain (Vaults:2)
  6 spriggan druids
  8 swamp dragons
  2 wizards (Vaults:2)
  11 orc knights
  A phantasmal warrior (D:15)
  A shambling mangrove (Swamp:3)
  3 necromancers
  4 hill giants
  17 orb spiders
  18 ironbrand convokers
  A wolf spider zombie (D:15)
  17 hornets
  A harpy (Vaults:4)
  30 ugly things
  5 orc sorcerers
  10 griffons
  8 cyclopes
  36 wolf spiders
  79 deep elf magi
  4 moths of wrath
  A sixfirhy (Orc:2)
  A moth of wrath (shapeshifter) (Vaults:3)
  A frost giant zombie (D:15)
  A sphinx skeleton (D:15)
  Maurice (D:8)
  A hornet (shapeshifter) (Vaults:3)
  19 elephants
  A manticore (D:15)
  13 vault sentinels
  Joseph (D:8)
  A rust devil (Orc:2)
  3 black mambas
  3 ice statues (IceCv)
  21 spiny frogs
  An octopode (shapeshifter) (Elf:3)
  3 torpor snails
  2 gargoyles
  3 kobold demonologists
  11 demonic crawlers
  A rime drake (shapeshifter) (Vaults:1)
  35 yaktaurs
  6 rime drakes
  9 komodo dragons
  4 freezing wraiths
  A komodo dragon (shapeshifter) (Vaults:2)
  8 ice devils (IceCv)
  A yaktaur skeleton (Vaults:2)
  A redback zombie (D:15)
  2 guardian mummies (D:15)
  5 trolls
  A queen bee (shapeshifter) (Vaults:1)
  4 giant leeches
  A wind drake (shapeshifter) (Elf:2)
  29 jumping spiders
  15 polar bears
  2 tengu conjurers
  A hornet zombie (D:15)
  5 two-headed ogres
  Grinder (D:6)
  5 bog bodies
  A raiju (shapeshifter) (Vaults:2)
  3 raiju (Lair:8)
  32 slime creatures
  6 boulder beetles
  21 blink frogs
  2 air elementals
  86 redbacks
  3 centaur simulacra
  4 spriggans
  6 water elementals
  An ettin skeleton (Vaults:2)
  A shadow (D:14)
  29 tarantellas
  A wyvern (shapeshifter) (Elf:2)
  5 hogs (Swamp:4)
  5 wraiths
  A basilisk (shapeshifter) (Vaults:3)
  3 steam dragons
  4 basilisks
  48 yaks
  2 wyverns
  4 hungry ghosts
  5 fire elementals
  10 hippogriffs
  9 wargs
  18 swamp worms
  22 vampire mosquitoes
  6 insubstantial wisps (Swamp:1)
  A neqoxec (Orc:2)
  6 soldier ants
  2 mottled dragons
  A soldier ant (shapeshifter) (Vaults:1)
  7 hell hounds (Lair:8)
  18 water moccasins
  19 porcupines
  A deep troll skeleton (Vaults:2)
  14 swamp drakes
  An ice beast (D:12)
  34 orc warriors
  18 black bears
  5 wasps
  Purgy (Sewer)
  A necrophage (D:9)
  2 sky beasts
  32 ogres
  The ghost of Elystan the Shield-Bearer, an amateur FoFi (D:3)
  17 wolves
  20 crocodiles
  15 centaurs
  2 human skeletons (Vaults:2)
  6 big kobolds
  Blork the orc (D:4)
  22 giant frogs
  2 gnoll sergeants
  4 earth elementals
  2 wyvern skeletons
  6 scorpions
  9 killer bees
  17 wights
  3 howler monkeys
  5 electric eels
  4 centaur zombies
  7 crimson imps
  A giant frog zombie (D:8)
  20 hounds
  2 quasits
  4 jellies
  19 orc priests
  3 centaur skeletons
  2 wasp zombies
  3 giant frog skeletons
  20 orc wizards
  23 worker ants
  16 iguanas
  A hell rat (D:11)
  5 troll simulacra (IceCv)
  2 killer bee zombies
  12 sheep
  3 hound skeletons
  A howler monkey zombie (D:11)
  3 worker ant zombies
  Robin (D:3)
  12 gnolls
  12 adders
  3 naga simulacra (IceCv)
  72 river rats
  4 shadow imps
  2 oozes
  2 adder zombies
  4 worms
  10 giant geckos
  89 orcs
  6 giant cockroaches
  18 goblins
  8 hobgoblins
  15 jackals
  24 kobolds
  4 quokkas
  2 ball pythons (D:2)
  9 bats
  A giant gecko skeleton (D:4)
  5 giant newts
  A jackal skeleton (D:5)
  A quokka zombie (D:8)
  9 rats
  2 crawling corpses (Vaults:2)
  6 fungi
  22 plants
1870 creatures vanquished.

Vanquished Creatures (collateral kills)
  The ghost of DungeonMaster the Imperceptible, a journeyman SpAs of Dithmenos (Lair:8)
  A deep elf archer (Elf:2)
  2 deep elf magi (Elf:2)
  2 jackals (Lair:8)
6 creatures vanquished.

Vanquished Creatures (others)
  A tengu reaver (Vaults:3)
  2 fungi
  15 plants
  2 withered plants (D:15)
20 creatures vanquished.

Grand Total: 1896 creatures vanquished

Notes
Turn   | Place    | Note
--------------------------------------------------------------
     0 | D:1      | nikopol the Minotaur Berserker began the quest for the Orb.
     0 | D:1      | Reached XP level 1. HP: 19/19 MP: 0/0
   397 | D:1      | Reached XP level 2. HP: 27/27 MP: 1/1
   786 | D:2      | Reached skill level 4 in Axes
   845 | D:2      | Reached XP level 3. HP: 28/33 MP: 2/2
   866 | D:2      | Reached ** piety under Trog
  1161 | D:2      | Reached XP level 4. HP: 40/41 MP: 3/3
  1363 | D:3      | Found a bloodstained altar of Trog.
  1402 | D:3      | Noticed Elystan's ghost (amateur FoFi)
  1412 | D:3      | Killed Elystan's ghost
  1412 | D:3      | Reached XP level 5. HP: 47/47 MP: 4/4
  1577 | D:3      | Noticed Robin
  1581 | D:3      | Reached *** piety under Trog
  1587 | D:3      | Killed Robin
  1800 | D:3      | Found a snail-covered altar of Cheibriados.
  1804 | D:3      | Reached skill level 5 in Axes
  1863 | D:3      | Found an ancient bone altar of Kikubaaqudgha.
  1865 | D:3      | Found a blossoming altar of Fedhas.
  1999 | D:4      | Found a glowing drain.
  2003 | Sewer    | Entered a sewer
  2022 | Sewer    | Noticed Purgy
  2027 | Sewer    | Killed Purgy
  2027 | Sewer    | Reached skill level 5 in Fighting
  2027 | Sewer    | Reached XP level 6. HP: 51/56 MP: 5/5
  2271 | D:4      | Noticed Blork the orc
  2280 | D:4      | Killed Blork the orc
  2316 | D:4      | Found a stormy altar of Qazlal.
  2333 | D:4      | Found a staircase to the Ecumenical Temple.
  2560 | D:4      | Reached **** piety under Trog
  2560 | D:4      | Reached XP level 7. HP: 61/61 MP: 6/6
  2619 | D:4      | Found a sacrificial altar of Ru.
  2719 | D:5      | Entered Level 5 of the Dungeon
  2726 | D:5      | Reached skill level 5 in Armour
  2764 | D:5      | Found a glowing golden altar of the Shining One.
  2779 | D:5      | Reached skill level 6 in Axes
  2923 | D:5      | Found a shadowy altar of Dithmenos.
  3021 | D:5      | Reached skill level 1 in Bows
  3372 | D:5      | Reached skill level 5 in Dodging
  3610 | D:6      | Found Leciyrie's Assorted Antiques.
  3858 | D:6      | Bought a jewelled broad axe for 198 gold pieces
  3859 | D:6      | Identified the +6 broad axe of Defiance {drain, +Fly rElec rPois MR-} (You bought it in a shop on level 6 of the Dungeon)
  3893 | D:6      | Reached XP level 8. HP: 65/70 MP: 7/7
  4035 | D:6      | Reached skill level 7 in Axes
  4307 | D:6      | Noticed Grinder
  4320 | D:6      | Paralysed by Grinder for 5 turns
  4325 | D:6      | Killed Grinder
  4447 | D:6      | Found a white marble altar of Elyvilon.
  4703 | D:6      | Reached skill level 8 in Axes
  4751 | D:7      | Reached skill level 5 in Bows
  4751 | D:7      | Reached XP level 9. HP: 79/79 MP: 8/8
  4863 | D:7      | Found a shimmering altar of Xom.
  5044 | D:7      | Found a shadowy altar of Dithmenos.
  5342 | D:8      | Found a shadowy altar of Dithmenos.
  5348 | D:8      | Noticed Rationalist's ghost (novice MiGl)
  5360 | D:8      | Killed Rationalist's ghost
  5360 | D:8      | Reached skill level 9 in Axes
  5512 | D:8      | Found a radiant altar of Vehumet.
  5517 | D:8      | Found an opulent altar of Gozag.
  5526 | D:8      | Found an oddly glowing altar of Pakellas.
  5554 | D:8      | Found an iron altar of Okawaru.
  5723 | D:8      | Noticed Maurice
  5733 | D:8      | Noticed Joseph
  5735 | D:8      | Killed Maurice
  5735 | D:8      | Reached XP level 10. HP: 82/88 MP: 9/9
  5742 | D:8      | Killed Joseph
  6097 | D:8      | Reached skill level 10 in Axes
  6127 | D:8      | Found Gaixzayt's Book Boutique.
  6282 | D:9      | Reached ***** piety under Trog
  6448 | D:9      | Got a smoking jade ring
  6450 | D:9      | Identified the ring of Fimm {rElec Str+4 Int+4 Stlth-} (You found it on level 9 of the Dungeon)
  6467 | D:9      | Received a gift from Trog
  6710 | D:9      | Found a bloodstained altar of Trog.
  6848 | D:9      | Found a burning altar of Makhleb.
  6887 | D:9      | Found Ojizeiha's General Store.
  6991 | D:10     | Entered Level 10 of the Dungeon
  7113 | D:10     | Noticed a cyclops
  7121 | D:10     | Killed a cyclops
  7285 | D:10     | Reached skill level 11 in Axes
  7367 | D:10     | Noticed Harold
  7385 | D:10     | Killed Harold
  7385 | D:10     | Reached XP level 11. HP: 59/95 MP: 10/10
  7648 | D:10     | Found Dove's General Store.
  7733 | D:10     | Found a blossoming altar of Fedhas.
  7738 | D:10     | Received a gift from Trog
  8069 | D:11     | Found a flickering gateway to a bazaar.
  8075 | Bazaar   | Entered a bazaar
  8102 | Bazaar   | Found Hier's Weapon Shoppe.
  8102 | Bazaar   | Found Exzar's Food Emporium.
  8121 | Bazaar   | Found Lufol's Book Shoppe.
  8295 | D:11     | Found a staircase to the Lair.
  8743 | D:11     | Found a shattered altar of Ashenzari.
  8925 | D:11     | Killed an unseen horror
  9163 | D:11     | Noticed an eight-headed hydra
  9168 | D:11     | Killed a 12-headed hydra
  9451 | Lair:1   | Entered Level 1 of the Lair of Beasts
  9477 | Lair:1   | Noticed an eight-headed hydra
  9483 | Lair:1   | Killed a ten-headed hydra
  9736 | Lair:1   | Reached skill level 12 in Axes
 10073 | Lair:1   | Reached skill level 10 in Bows
 10398 | Lair:2   | Got a translucent glass ring
 10400 | Lair:2   | Identified the ring "Zofiurye" {rPois rN+ Str+5} (You found it on level 2 of the Lair of Beasts)
 10518 | Lair:2   | Received a gift from Trog
 10669 | Lair:2   | Reached skill level 10 in Fighting
 10714 | Lair:2   | Noticed a queen ant
 10726 | Lair:2   | Killed a queen ant
 10799 | Lair:2   | Reached XP level 12. HP: 88/104 MP: 11/11
 11164 | Lair:2   | Reached skill level 10 in Armour
 11247 | Lair:2   | Noticed a seven-headed hydra
 11256 | Lair:2   | Killed a nine-headed hydra
 11477 | Lair:3   | Reached skill level 13 in Axes
 12177 | Lair:4   | Received a gift from Trog
 12196 | Lair:4   | Got a smoking scale mail
 12343 | Lair:4   | Identified the +1 scale mail "Witzaum" {rF+++ Regen+ MP+9 Int-5} (You found it on level 4 of the Lair of Beasts)
 12552 | Lair:4   | Found a staircase to the Swamp.
 13027 | Lair:5   | Noticed a death yak
 13027 | Lair:5   | Noticed a death yak
 13027 | Lair:5   | Noticed a death yak
 13036 | Lair:5   | Killed a death yak
 13038 | Lair:5   | Killed a death yak
 13038 | Lair:5   | Received a gift from Trog
 13038 | Lair:5   | Reached skill level 10 in Dodging
 13039 | Lair:5   | Killed a death yak
 13335 | Lair:5   | Reached ****** piety under Trog
 13607 | Lair:5   | Found a hole to the Spider Nest.
 13686 | Lair:5   | Reached XP level 13. HP: 114/114 MP: 12/12
 14332 | Lair:6   | Reached skill level 14 in Axes
 14976 | Lair:6   | Received a gift from Trog
 15096 | Lair:7   | Noticed Snorg
 15106 | Lair:7   | Killed Snorg
 16257 | Lair:7   | Found a staircase to the Slime Pits.
 16486 | Lair:7   | Reached skill level 15 in Axes
 16511 | Lair:8   | Entered Level 8 of the Lair of Beasts
 16524 | Lair:8   | Reached XP level 14. HP: 102/124 MP: 13/13
 16644 | Lair:8   | Noticed DungeonMaster's ghost (journeyman SpAs)
 16657 | Lair:8   | Received a gift from Trog
 16681 | Lair:8   | Killed DungeonMaster's ghost
 16994 | Lair:8   | Received a gift from Trog
 17154 | Lair:8   | Identified a scroll of acquirement
 17157 | Lair:8   | Got a pair of crude gloves
 17168 | Lair:8   | Identified the +2 pair of gloves of the Salmon {Str+7 SInv} (You acquired it on level 8 of the Lair of Beasts)
 17228 | Lair:8   | Received a gift from Trog
 17302 | Lair:8   | Received a gift from Trog
 17504 | Lair:8   | Received a gift from Trog
 19069 | Lair:5   | Received a gift from Trog
 19525 | D:12     | Reached skill level 16 in Axes
 19808 | D:12     | Noticed Sonja
 19812 | D:12     | Killed Sonja
 20320 | D:12     | Found a staircase to the Orcish Mines.
 20341 | Orc:1    | Entered Level 1 of the Orcish Mines
 20366 | Orc:1    | Found a frozen archway.
 20371 | Orc:1    | Received a gift from Trog
 20647 | IceCv    | Entered an ice cave
 20698 | IceCv    | Noticed Elystan's ghost (journeyman FoFi)
 20713 | IceCv    | Killed Elystan's ghost
 20713 | IceCv    | Reached XP level 15. HP: 99/133 MP: 14/14
 21547 | Orc:1    | Gained mutation: You evolve. [potion of beneficial mutation]
 22172 | Orc:2    | Entered Level 2 of the Orcish Mines
 22286 | Orc:2    | Found a staircase to the Elven Halls.
 22396 | Orc:2    | Received a gift from Trog
 22470 | Orc:2    | Found Esigh's Distillery.
 22474 | Orc:2    | Found Zeibeitt's Distillery.
 22603 | Orc:2    | Found a roughly hewn altar of Beogh.
 22697 | Orc:2    | Reached skill level 15 in Bows
 22984 | Orc:2    | Reached skill level 17 in Axes
 22996 | Orc:2    | Found Botoh's Antique Armour Boutique.
 22996 | Orc:2    | Found a one-way gate leading to the halls of Pandemonium.
 22996 | Orc:2    | Found Xutaxt's Gadget Shop.
 23702 | Orc:1    | Received a gift from Trog
 23826 | Orc:2    | Bought a potion of beneficial mutation for 525 gold pieces
 23826 | Orc:2    | Gained mutation: You have large cloven feet. [potion of beneficial mutation]
 24123 | D:13     | Found a labyrinth entrance.
 24132 | Lab      | Entered a labyrinth
 24260 | Lab      | Lost mutation: You have large cloven feet. [evolution]
 24323 | Lab      | Received a gift from Trog
 24326 | Lab      | Got an iridescent battleaxe {god gift}
 24370 | Lab      | Identified the +9 battleaxe "Fesaahaa" {vamp, +Fly rPois rC+} (Trog gifted it to you in a labyrinth)
 24573 | D:13     | Noticed Nessos
 24578 | D:13     | Killed Nessos
 25425 | D:14     | Found a gate to the Vaults.
 25817 | D:15     | Entered Level 15 of the Dungeon
 26155 | D:15     | Found a staircase to the Depths.
 26269 | D:15     | Reached XP level 16. HP: 144/144 MP: 15/15
 26388 | D:15     | Received a gift from Trog
 27091 | Swamp:1  | Entered Level 1 of the Swamp
 27157 | Swamp:1  | Received a gift from Trog
 27424 | Swamp:1  | Reached skill level 18 in Axes
 28880 | Swamp:3  | Noticed a thorn hunter
 28886 | Swamp:3  | Killed a thorn hunter
 29253 | Swamp:3  | Received a gift from Trog
 29954 | Swamp:4  | Entered Level 4 of the Swamp
 30431 | Swamp:4  | Received a gift from Trog
 30644 | Swamp:4  | Reached XP level 17. HP: 152/152 MP: 16/16
 30660 | Swamp:4  | Got a decaying rune of Zot
 30766 | Swamp:4  | Noticed Kirke
 30783 | Swamp:4  | Killed Kirke
 30944 | Swamp:4  | Reached skill level 15 in Fighting
 31435 | Spider:1 | Entered Level 1 of the Spider Nest
 31602 | Spider:1 | Reached skill level 19 in Axes
 31882 | Spider:1 | Received a gift from Trog
 32134 | Spider:1 | Received a gift from Trog
 32654 | Spider:2 | Noticed Jorgrun
 32670 | Spider:2 | Killed Jorgrun
 32670 | Spider:2 | Received a gift from Trog
 32859 | Spider:2 | Received a gift from Trog
 33156 | Spider:2 | Noticed Aizul
 33160 | Spider:2 | Killed Aizul
 34024 | Spider:3 | Received a gift from Trog
 34029 | Spider:3 | Gained mutation: You can translocate small distances at will. [evolution]
 34602 | Spider:4 | Entered Level 4 of the Spider Nest
 34626 | Spider:4 | Reached skill level 15 in Armour
 35102 | Spider:4 | Reached XP level 18. HP: 161/164 MP: 8/17
 35425 | Spider:4 | Got a brightly glowing scale mail
 35436 | Spider:4 | Identified the +5 scale mail "Ufruf" {rElec Int+8 Dex-4 Stlth+} (You found it on level 4 of the Spider Nest)
 35572 | Spider:4 | Received a gift from Trog
 36012 | Spider:4 | Reached skill level 20 in Axes
 36325 | Spider:4 | Got a gossamer rune of Zot
 37045 | Elf:1    | Entered Level 1 of the Elven Halls
 37052 | Elf:1    | Received a gift from Trog
 37102 | Elf:1    | Found Rotam's Jewellery Shop.
 37113 | Elf:1    | Bought the ring of Lugonu's Condemnation {SustAt rN+ MR+ Stlth+} for 482 gold pieces
 37162 | Elf:1    | Found Zereh's Weapon Boutique.
 37523 | Elf:1    | Found a radiant altar of Vehumet.
 37659 | Elf:1    | Found Hoisseh's Book Shop.
 38168 | Elf:2    | Received a gift from Trog
 38504 | Elf:2    | Received a gift from Trog
 38645 | Elf:2    | Found a huge runed gate.
 38645 | Elf:2    | Found a huge runed gate.
 38645 | Elf:2    | Found a huge runed gate.
 38645 | Elf:2    | Found a huge runed gate.
 38645 | Elf:2    | Found a huge runed gate.
 38690 | Elf:2    | Found Zashouch's Food Shop.
 38909 | Elf:2    | Noticed Wiglaf
 38920 | Elf:2    | Killed Wiglaf
 39044 | Elf:2    | Gained mutation: You passively map a small area around you. [evolution]
 39366 | Elf:2    | Reached XP level 19. HP: 172/172 MP: 18/18
 39470 | Elf:2    | Reached skill level 15 in Dodging
 39890 | Elf:3    | Entered Level 3 of the Elven Halls
 39897 | Elf:3    | Received a gift from Trog
 40115 | Elf:2    | Received a gift from Trog
 40115 | Elf:2    | Reached skill level 21 in Axes
 41331 | Elf:3    | Received a gift from Trog
 41636 | Elf:2    | Received a gift from Trog
 41652 | Elf:2    | Got a transparent bronze ring
 41714 | Elf:2    | Identified the ring of Dixzusy Kuwk {*Tele *Drain Int+3 Dex+5} (You took it off a deep elf demonologist on level 2 of the Elven Halls)
 42260 | Elf:3    | Received a gift from Trog
 42325 | Elf:3    | Got a flickering bronze ring
 42338 | Elf:3    | Identified the ring of Day {*Tele Str+2} (You found it on level 3 of the Elven Halls)
 42351 | Elf:3    | Got a slimy chain mail
 42360 | Elf:3    | Got a pair of ichor-stained gloves
 42372 | Elf:3    | Identified the +1 chain mail of a ziggurat {Int+2 SInv} (You found it on level 3 of the Elven Halls)
 42384 | Elf:3    | Identified the cursed -5 pair of gloves "Jantaqe" {Stlth+} (You found it on level 3 of the Elven Halls)
 42512 | Elf:3    | Found Ifafig's Gadget Shoppe.
 42625 | Elf:3    | Found a portal to a secret trove of treasure.
 42643 | Elf:3    | You paid a toll of 4 potions of cure mutation to enter a treasure trove
 42644 | Trove    | Entered a treasure trove
 42694 | Trove    | Got an ichor-stained chain mail
 42701 | Trove    | Identified the +2 chain mail of Catatonia {rN+ Str+5} (You found it in a treasure trove)
 43252 | Vaults:1 | Entered Level 1 of the Vaults
 43497 | Vaults:1 | Received a gift from Trog
 43602 | Vaults:1 | Received a gift from Trog
 43603 | Vaults:1 | Reached XP level 20. HP: 115/182 MP: 6/19
 43928 | Vaults:1 | Found Nurock's Magic Scroll Emporium.
 44188 | Vaults:1 | Received a gift from Trog
 44199 | Vaults:1 | Noticed Norris
 44211 | Vaults:1 | Killed Norris
 44989 | Vaults:1 | Reached skill level 22 in Axes
 45873 | Vaults:2 | Received a gift from Trog
 45880 | Vaults:2 | Found a staircase to the Crypt.
 45944 | Vaults:2 | Gained mutation: You are partially covered in molten scales (AC +1). [evolution]
 45947 | Vaults:2 | Received a gift from Trog
 45961 | Vaults:2 | Noticed a Tzitzimitl
 45981 | Vaults:2 | HP: 5/183 [centaur warrior (10)]
 46944 | Vaults:2 | Received a gift from Trog
 47770 | Vaults:3 | Noticed Sojobo
 47815 | Vaults:3 | Killed Sojobo
 48343 | Vaults:3 | Received a gift from Trog
 48426 | Vaults:3 | Reached XP level 21. HP: 194/194 MP: 20/20
 48439 | Vaults:3 | Received a gift from Trog
 49230 | Vaults:3 | Reached skill level 23 in Axes
 49239 | Vaults:3 | Received a gift from Trog
 49966 | Vaults:4 | Received a gift from Trog
 50192 | Vaults:4 | Received a gift from Trog
 50586 | Vaults:4 | Noticed Frederick
 50599 | Vaults:4 | Killed Frederick
 50606 | Vaults:4 | HP: 3/292 [tengu reaver/glaive (16)]
 50607 | Vaults:4 | HP: 1/292 [poisoned by a spriggan defender]
 50608 | Vaults:4 | Succumbed to a spriggan defender's poison

Skill      XL: |  1  2  3  4  5  6  7  8  9 10 11 12 13 14 15 16 17 18 19 20 21 |
---------------+----------------------------------------------------------------+-----
Fighting       | 4 5 6 7 8 9 10 11 12 13 14 15 16 17 18 | 18.4
Axes           | 4 5 6 8 9 11 12 13 15 16 17 18 19 20 21 22 23 | 23.3
Armour         | 3 4 5 6 7 8 9 10 11 12 13 14 15 16 17 | 17.7
Dodging        | 3 4 5 6 7 8 9 10 11 12 13 14 15 16 | 16.7
Bows           | 2 5 6 8 10 12 13 14 15 16 17 18 19 20 | 20.8

Action                   |  1- 3 |  4- 6 |  7- 9 | 10-12 | 13-15 | 16-18 | 19-21 || total
-------------------------+-------+-------+-------+-------+-------+-------+-------++-------
Melee: Hand axe          |   104 |   116 |    64 |       |       |       |       ||   284
       Headbutt          |    14 |    21 |    20 |    58 |   169 |    99 |   200 ||   581
       Broad axe         |       |       |    79 |   234 |   601 |   307 |       ||  1221
       Shortbow          |       |       |       |     1 |       |       |       ||     1
       Kick              |       |       |       |       |     1 |       |       ||     1
       Executioner's axe |       |       |       |       |       |    70 |   629 ||   699
 Fire: Shortbow          |       |       |   191 |   495 |  1121 |       |       ||  1807
       Longbow           |       |       |       |       |    32 |   995 |   594 ||  1621
Invok: Berserk           |       |     3 |     2 |     3 |     6 |     3 |     3 ||    20
       Burn Spellbooks   |       |       |       |     3 |     3 |     1 |     4 ||    11
       Brothers in Arms  |       |       |       |       |     1 |       |     1 ||     2
Evoke: Wand              |       |       |       |       |       |       |     1 ||     1
  Use: Scroll            |       |     2 |    13 |    12 |    15 |     7 |    13 ||    62
       Potion            |       |       |       |       |     2 |       |     1 ||     3
 Stab: Sleeping          |     1 |       |       |       |       |       |       ||     1
       Distracted        |       |       |       |       |     1 |       |     2 ||     3
  Eat: Chunk             |     1 |     5 |    12 |    23 |    42 |    37 |    45 ||   165
       Royal jelly       |       |     1 |       |       |       |     1 |     1 ||     3
       Fruit             |       |       |       |     2 |     2 |       |       ||     4
       Pizza             |       |       |       |     1 |     3 |     3 |       ||     7
       Beef jerky        |       |       |       |     1 |       |       |       ||     1
Armor: Animal skin       |    11 |       |       |       |       |       |       ||    11
       Ring mail         |    35 |    40 |    25 |       |       |       |       ||   100
       Scale mail        |       |       |    33 |   140 |   144 |       |       ||   317
       Plate armour      |       |       |       |       |    79 |   402 |   298 ||   779
Dodge: Dodged            |    62 |   105 |   171 |   238 |   445 |   480 |   483 ||  1984
Block: Other             |       |       |       |       |       |    24 |     8 ||    32
       Reflection        |       |       |       |       |       |     2 |       ||     2
